 Dungeon Crawl Stone Soup version 0.20.0-10-g0535bb4 (webtiles) character file.

2183 MTVSty1e the Cleaver (level 9, -7/58 HPs)
             Began as a Gargoyle Skald on June 3, 2017.
             Mangled by a wight
             ... wielding a cursed +0 halberd
              (9 damage)
             ... on level 7 of the Dungeon.
             The game lasted 00:13:53 (8196 turns).

MTVSty1e the Cleaver (Gargoyle Skald)               Turns: 8196, Time: 00:13:53

Health: -7/58      AC: 12    Str: 18    XL:     9   Next: 33%
Magic:  0/12       EV: 11    Int: 16    God:
Gold:   360        SH:  0    Dex:  9    Spells: 8/12 levels left

rFire    . . .     SeeInvis .   a - +1 hand axe
rCold    . . .     Gourm    +   (no shield)
rNeg     + . .     Faith    .   b - +0 leather armour
rPois    ∞         Spirit   .   (no helmet)
rElec    +         Reflect  .   (no cloak)
rCorr    .         Harm     .   y - +0 pair of gloves
MR       .....                  v - +2 pair of boots {run}
Stlth    +.........             r - amulet of the gourmand
Regen    0.2/turn               g - +2 ring of intelligence
MPRegen  0.2/turn               (no ring)

@: quick
A: negative energy resistance 1, electricity resistance, unbreathing,
petrification resistance, rot immunity, AC +5
a: no special abilities


You were on level 7 of the Dungeon.
You were hungry.

You visited 1 branch of the dungeon, and saw 8 of its levels.

You collected 360 gold pieces.

Inventory:

Hand Weapons
 a - a +1 hand axe (weapon)
Armour
 b - a +0 leather armour (worn)
 f - a +0 scale mail
 v - a +2 pair of boots of running (worn)
 y - a +0 pair of gloves (worn)
Jewellery
 g - a +2 ring of intelligence (left hand)
 r - an amulet of the gourmand (around neck)
Wands
 u - a wand of digging (12/24)
 x - a wand of paralysis (10/24)
 B - a wand of confusion (5/48)
 C - a wand of iceblast (3/15)
Scrolls
 e - 2 scrolls of identify
 h - 2 scrolls of teleportation
 j - a scroll of enchant weapon
 m - a scroll of magic mapping
 n - a scroll of random uselessness
 t - 2 scrolls of remove curse
 z - a scroll of enchant armour
 A - a scroll of recharging
Potions
 d - a potion of brilliance
 i - 2 potions of magic
 k - 3 potions of berserk rage
 l - 2 potions of curing
 o - a potion of invisibility
 p - a potion of cancellation
 s - a potion of lignification
 w - 3 potions of ambrosia {unknown}
Books
 c - a book of Battle

   Spells                             Type                      Level
   a - Infusion                       Charms                       1
   b - Shroud of Golubria             Charms/Translocation         2
   c - Song of Slaying                Charms                       2
   d - Spectral Weapon                Hexes/Charms                 3
   e - Regeneration                   Charms/Necromancy            3
 q - a book of Misfortune

   Spells                             Type                      Level
   a - Confusing Touch                Hexes                        1
   b - Confuse                        Hexes                        3
   c - Gell's Gravitas                Translocation                3
   d - Petrify                        Transmutation/Earth          4
   e - Metabolic Englaciation         Hexes/Ice                    5
   f - Yara's Violent Unravelling     Hexes/Transmutation          5


   Skills:
 + Level 7.7 Fighting
 * Level 9.3 Axes
 - Level 1.1 Armour
 - Level 1.5 Dodging
 - Level 2.0 Spellcasting
 - Level 2.6 Charms


You had 8 spell levels left.
You knew the following spells:

 Your Spells              Type           Power        Failure   Level  Hunger
a - Infusion              Chrm           ##..         9%          1    #......
b - Regeneration          Chrm/Necr      #.........   38%         3    ###....


Dungeon Overview and Level Annotations

Branches:
Dungeon (8/15)             Temple (0/1) D:6
   Lair: D:8-11

Altars:
Kikubaaqudgha
Qazlal
Sif Muna
Trog

Annotations:
D:5 Prince Ribbit
D:6 2 transporters


Innate Abilities, Weirdness & Mutations

You are resistant to torment.
Your stone body is resilient. (AC +5)
You are immune to poison.
You resist negative energy. (rN+)
You are resistant to electric shocks. (rElec)
You can survive without breathing.
You are immune to petrification.
You are immune to rotting.


Message History

The wight closely misses you. x2
The hippogriff bites you but does no damage.
The hippogriff pecks you but does no damage.
The hippogriff claws you but does no damage.
The bullfrog hits you but does no damage.
You climb upwards.
The centaur unwields an uncursed shortbow.
The centaur hits you but does no damage.
The hound skeleton closely misses you. The centaur barely misses you.
The hound skeleton barely misses you.
There is a stone staircase leading down here.
Casting: Infusion
Confirm with . or Enter, or press ? or * to list all spells.
You don't know that spell.
Unknown command.
You hit the centaur but do no damage. You hit the hound skeleton.
You hit the wight. The wight hits you but does no damage. The centaur hits you.
* * * LOW HITPOINT WARNING * * *
The wight hits you from afar with a halberd!
You die...

#..........#
#.......†..#
#.......(..#
##....<...##
##.....O##
######.# #.#
####.#
#@zFO#
#ZcH.#
#.z..#
#......
#....###
#....#
#....#
#....#


You could see a hippogriff, an ogre, a bullfrog, a centaur, 2 wights and a hound
skeleton.

Vanquished Creatures
  3 orc warriors
  A phantom (D:5)
  2 ice beasts (D:5)
  5 ogres
  A centaur (D:6)
  A scorpion (D:5)
  A howler monkey (D:5)
  4 crimson imps (D:5)
  2 bullfrog zombies
  A quasit (D:6)
  A jelly (D:5)
  A hound (D:5)
  3 orc priests
  5 orc wizards
  A bullfrog skeleton (D:6)
  2 iguanas (D:4)
  9 worker ants
  A hound skeleton (D:5)
  4 gnolls (D:5)
  A howler monkey skeleton (D:5)
  5 adders
  2 oozes
  3 adder skeletons
  4 worms
  5 leopard geckos
  22 orcs
  4 ball pythons
  3 bats
  4 giant cockroaches
  7 goblins
  8 hobgoblins
  3 jackals (D:5)
  4 kobolds
  A quokka (D:6)
  4 frilled lizards
  10 rats
138 creatures vanquished.

Notes
Turn   | Place    | Note
-------+----------+-------------------------------------------
     0 | D:1      | MTVSty1e the Gargoyle Skald began the quest for the Orb.
     0 | D:1      | Reached XP level 1. HP: 12/12 MP: 3/3
    53 | D:1      | Reached skill level 2 in Axes
   230 | D:1      | Reached XP level 2. HP: 18/18 MP: 5/5
   470 | D:1      | Reached XP level 3. HP: 12/22 MP: 6/6
  1277 | D:2      | Reached skill level 3 in Axes
  2019 | D:3      | Reached XP level 4. HP: 28/28 MP: 7/7
  2133 | D:3      | You fall through a shaft!
  2320 | D:4      | Reached skill level 4 in Axes
  2320 | D:4      | Reached XP level 5. HP: 3/33 MP: 8/8
  2637 | D:3      | Found an ancient bone altar of Kikubaaqudgha.
  3017 | D:4      | Reached XP level 6. HP: 34/38 MP: 9/9
  3038 | D:4      | Identified a +1 pair of boots of running (You found it on level 4 of the Dungeon)
  3103 | D:4      | Found a stormy altar of Qazlal.
  3434 | D:4      | Found a bloodstained altar of Trog.
  3741 | D:4      | Reached skill level 5 in Axes
  3988 | D:5      | Entered Level 5 of the Dungeon
  4071 | D:5      | Reached XP level 7. HP: 41/44 MP: 10/10
  4125 | D:5      | Reached skill level 5 in Fighting
  4127 | D:5      | Got a crystal rapier
  4128 | D:5      | Identified the cursed +1 rapier "Doutuch" {distort, SInv} (You found it on level 5 of the Dungeon)
  4323 | D:5      | Noticed Prince Ribbit
  4342 | D:5      | Reached skill level 6 in Axes
  4977 | D:5      | Reached XP level 8. HP: 33/51 MP: 11/11
  4982 | D:5      | Learned a level 3 spell: Regeneration
  5156 | D:5      | Reached skill level 7 in Axes
  5237 | D:5      | Found a deep blue altar of Sif Muna.
  6210 | D:6      | Found a transporter.
  6210 | D:6      | Found a transporter.
  6216 | D:6      | Reached skill level 8 in Axes
  6729 | D:6      | Reached XP level 9. HP: 47/57 MP: 12/12
  6841 | D:6      | Found a staircase to the Ecumenical Temple.
  7178 | D:6      | Reached skill level 9 in Axes
  8196 | D:7      | HP: 2/58 [centaur (4)]
  8196 | D:7      | Mangled by a wight

Skill      XL: |  1  2  3  4  5  6  7  8  9 |
---------------+----------------------------+-----
Axes           | 2 3 4 5 6 8 9 |  9.3
Fighting       | 3 4 5 7 |  7.7
Armour         | |  1.1
Dodging        | |  1.5
Spellcasting   | |  2.0
Charms         | |  2.6

Action                   |  1- 3 |  4- 6 |  7- 9 || total
-------------------------+-------+-------+-------++-------
Melee: Hand axe          |   150 |   275 |   510 ||   935
 Cast: Infusion          |       |       |    14 ||    14
       Regeneration      |       |       |     1 ||     1
  Use: Scroll            |     5 |    10 |     1 ||    16
       Potion            |       |     3 |     4 ||     7
  Eat: Bread ration      |     1 |     1 |       ||     2
       Chunk             |       |     5 |     9 ||    14
       Royal jelly       |       |       |     1 ||     1
Armor: Leather armour    |     5 |    27 |   237 ||   269
       Scale mail        |    50 |       |       ||    50
       Chain mail        |    22 |   124 |       ||   146
       Skin              |       |       |    22 ||    22
Dodge: Dodged            |    66 |    91 |   281 ||   438
